 Dungeon Crawl Stone Soup version 0.23.2-33-g5129a83184 (webtiles) character file.

Game seed: 10372863328713291468

126 MalarOregon the Digger (level 5, -3/42 HPs)
             Began as a Ghoul Earth Elementalist on July 12, 2019.
             Killed from afar by an orc wizard (13 damage)
             ... with a puff of flame
             ... on level 4 of the Dungeon.
             The game lasted 00:05:21 (3495 turns).

MalarOregon the Digger (Ghoul Earth Elementalist)   Turns: 3495, Time: 00:05:21

Health: -3/42      AC:  4    Str: 14    XL:     5   Next: 9%
Magic:  6/8        EV: 12    Int: 11    God:
Gold:   140        SH:  0    Dex:  9    Spells: 5/9 levels left

rFire    . . .     SeeInvis .   o - +2 whip (flame)
rCold    + . .     Gourm    .   (no shield)
rNeg     + + +     Faith    .   p - +0 robe
rPois    ∞         Spirit   .   (no helmet)
rElec    .         Reflect  .   n - +0 cloak
rCorr    .         Harm     .   (no gloves)
MR       .....                  j - +0 pair of boots (curse)
Stlth    ++........             (no amulet)
HPRegen  0.00/turn              d - +2 ring of strength
MPRegen  0.11/turn              (no ring)

@: rotting
A: rotting body, claws 1, carnivore, cold resistance 1, negative energy
resistance 3, inhibited regeneration, torment resistance, unbreathing
a: no special abilities


You were on level 4 of the Dungeon.
You were hungry.

You visited 1 branch of the dungeon, and saw 4 of its levels.

You collected 140 gold pieces.

Inventory:

Hand Weapons
 o - a +2 whip of flaming (weapon)
   (You took it off a kobold on level 2 of the Dungeon)
Missiles
 b - 119 stones (quivered)
Armour
 j - a cursed +0 pair of boots (worn)
   (You found it on level 2 of the Dungeon)
 n - a +0 cloak (worn)
   (You found it on level 2 of the Dungeon)
 p - a +0 robe (worn)
Jewellery
 d - a +2 ring of strength (left claw)
   (You found it on level 1 of the Dungeon)
 q - a +5 ring of slaying {unknown}
   (You found it on level 3 of the Dungeon)
Wands
 c - a wand of disintegration (11)
   (You found it on level 3 of the Dungeon)
 x - a wand of acid (12)
   (You found it on level 3 of the Dungeon)
Scrolls
 a - 3 scrolls of remove curse {unknown}
 h - a scroll of magic mapping {unknown}
 i - a scroll of fog {unknown}
 k - 2 scrolls of amnesia {unknown}
 l - 2 scrolls of identify {unknown}
 r - a scroll of teleportation {unknown}
Potions
 g - 2 potions of cancellation {unknown}
 m - 2 potions of heal wounds {unknown}
Comestibles
 e - 8 rations {!d}


   Skills:
 + Level 2.7 Fighting
 - Level 1.7 Dodging
 - Level 2.1 Stealth
 + Level 2.8 Spellcasting
 + Level 1.1 Conjurations
   Level 0.8 Transmutations
 - Level 4.0 Earth Magic


You had 5 spell levels left.
You knew the following spells:

 Your Spells              Type           Power        Failure   Level  Hunger
a - Sandblast             Erth           ##....       5%          1    #......
x - Stone Arrow           Conj/Erth      #.....       28%         3    ###....

Your spell library contained the following spells:

 Spells                   Type           Power        Failure   Level  Hunger
 Passwall                 Tmut/Erth      #.......     16%         2    ###....
 Petrify                  Tmut/Erth      #.......     69%         4    #####..
 Lee's Rapid Deconstruct  Erth           ##........   82%         5    ######.


Dungeon Overview and Level Annotations

Branches:
Dungeon (4/15)
 Temple: D:4-7

Altars:
Fedhas
Gozag
Sif Muna
Trog

Annotations:
D:3 Sigmund


Innate Abilities, Weirdness & Mutations

Your body is rotting away.
You thrive on raw meat.
You are immune to poison.
You have sharp fingernails.
You are carnivorous and can eat meat at any time.
Your flesh is cold resistant. (rC+)
You are immune to negative energy. (rN+++)
You do not regenerate when monsters are visible.
You are immune to unholy pain and torment.
You can survive without breathing.


Message History

Aim: an orc wizard, wielding a +0 dagger and wearing a +0 robe The blast of sand hits the orc wizard but does no damage.
b - 121 stones The orc wizard mumbles some strange words.
The orc wizard seems to speed up.
Aim: an orc wizard, wielding a +0 dagger and wearing a +0 robe The blast of sand hits the orc wizard.
b - 120 stones An orc comes into view. It is wielding a +0 short sword.
The orc wizard mumbles some strange words.
The orc wizard seems to speed up.
Aim: an orc wizard, wielding a +0 dagger and wearing a +0 robe (moderately wounded)
The blast of sand hits the orc wizard but does no damage.
b - 119 stones The orc wizard gestures wildly while chanting.
The orc wizard blinks!
The orc wizard hits you but does no damage.
The orc wizard casts a spell at you. The magic dart hits you!
The orc wizard points at you and mumbles some strange words.
The magic dart hits you.
The orc wizard points at you and mumbles some strange words.
The magic dart hits you.
* * * LOW HITPOINT WARNING * * *
The orc wizard casts a spell.
The orc wizard blinks!
Unknown command.
The orc wizard gestures wildly while chanting.
The orc wizard blinks!
The orc wizard casts a spell.
The orc wizard seems to speed up.
Unknown command.
You hear the slow rusting of a very distant drain.
The orc wizard casts a spell.
The orc wizard blinks!
The orc wizard hits you but does no damage.
The orc wizard points at you and mumbles some strange words.
The puff of frost hits you. You resist.
* * * LOW HITPOINT WARNING * * *
The orc wizard mumbles some strange words.
The orc wizard blinks!
The orc wizard gestures at you while chanting.
The magic dart hits you.
* * * LOW HITPOINT WARNING * * *
The orc wizard casts a spell at you. The magic dart hits you.
* * * LOW HITPOINT WARNING * * *
The orc wizard points at you and mumbles some strange words.
The puff of flame hits you!
You die...

### ##.o.....#
#.o.....#
##.....##
#.o....# .
#..o...#.# .#
##........# #.#
#..o......#
#..###.....#####
#.....@..##
##.......#
#.....<.##
#..#...##
#..####.# ..#
#.# # #.## #..#
####


You could see 3 orc wizards and an orc.

Vanquished Creatures
  A gnoll (D:1)
  4 adders
  2 oozes
  A worm (D:3)
  2 dart slugs
  2 orcs (D:3)
  4 giant cockroaches
  6 goblins
  2 hobgoblins (D:1)
  8 jackals (D:1)
  A quokka (D:3)
  6 bats
  2 frilled lizards
  13 kobolds
  12 rats
66 creatures vanquished.

Notes
Turn   | Place    | Note
-------+----------+-------------------------------------------
     0 | D:1      | MalarOregon the Ghoul Earth Elementalist began the quest
                  | for the Orb.
     0 | D:1      | Reached XP level 1. HP: 14/14 MP: 2/2
   401 | D:1      | Reached XP level 2. HP: 11/22 MP: 0/3
   645 | D:1      | Reached skill level 1 in Fighting
   888 | D:1      | Reached XP level 3. HP: 27/28 MP: 2/5
  1472 | D:2      | Found a bloodstained altar of Trog.
  1562 | D:2      | Reached skill level 4 in Earth Magic
  1626 | D:2      | Learned a level 3 spell: Stone Arrow
  1637 | D:2      | Reached XP level 4. HP: 36/36 MP: 2/6
  2048 | D:2      | Found a blossoming altar of Fedhas.
  2303 | D:2      | Found a deep blue altar of Sif Muna.
  2427 | D:3      | Found an opulent altar of Gozag.
  2498 | D:3      | Reached skill level 1 in Conjurations
  2825 | D:3      | Reached XP level 5. HP: 36/42 MP: 8/8
  2995 | D:3      | Noticed Sigmund
  3495 | D:4      | Killed from afar by an orc wizard

Skill      XL: |  1  2  3  4 |
---------------+-------------+-----
Spellcasting   | 2 |  2.8
Fighting       | 1 2 |  2.7
Earth Magic    | 4 |  4.0
Conjurations   | 1 |  1.1
Dodging        | |  1.7
Stealth        | |  2.1
Transmutations | |  0.8

Action                   |  1- 3 |  4- 6 || total
-------------------------+-------+-------++-------
Melee: Unarmed           |    13 |       ||    13
       Dagger            |     6 |     2 ||     8
       Whip              |       |    85 ||    85
 Cast: Sandblast         |    44 |    14 ||    58
 Stab: Sleeping          |     1 |     3 ||     4
  Eat: Chunk             |     3 |     6 ||     9
Armor: Robe              |     7 |    25 ||    32
Dodge: Dodged            |    18 |    49 ||    67
